| TOP OF THE 1ST |
|
Iowa Oaks batting - Pitching for Denver Bears : RHP Jorge Rivera
|
|
Pitching: RHP Jorge Rivera
|
|
|
Batting: SHB Rod Craig
|
0-0: Ground out 6-3 (Groundball, 56D, EV 91.9 MPH)
|
|
Batting: RHB Edgar Flores
|
0-0: Ball 1-0: Fly out, F8 (Line Drive, 8RM, EV 98.8 MPH)
|
|
Batting: LHB Ronald Little
|
0-0: Ball 1-0: Fly out, F9 (Flyball, 9, EV 83.8 MPH)
|
| Top of the 1st over - 0 runs, 0 hits, 0 errors, 0 left on base; Iowa 0 - Denver 0 |
| BOTTOM OF THE 1ST |
|
Denver Bears batting - Pitching for Iowa Oaks : RHP Randy Romagna
|
|
Pitching: RHP Randy Romagna
|
|
|
Batting: SHB Mark Gilbert
|
0-0: Fly out, F7 (Flyball, 7S, EV 98.1 MPH)
|
|
Batting: RHB Adolfo Feliz
|
0-0: Called Strike 0-1: Fly out, F9 (Flyball, 89D, EV 103.8 MPH)
|
|
Batting: RHB George A Bell
|
0-0: Ball 1-0: Foul Ball, location: 2F 1-1: Ball 2-1: Ball 3-1: Ground out 6-3 (Groundball, 6, EV 79.4 MPH)
|
| Bottom of the 1st over - 0 runs, 0 hits, 0 errors, 0 left on base; Iowa 0 - Denver 0 |
| TOP OF THE 2ND |
|
Iowa Oaks batting - Pitching for Denver Bears : RHP Jorge Rivera
|
|
Batting: SHB Mike Turgeon
|
0-0: Ball 1-0: Called Strike 1-1: Called Strike 1-2: Ball 2-2: Strikes out swinging
|
|
Batting: RHB Mark Benson
|
0-0: Foul Ball, location: 2F 0-1: Swinging Strike 0-2: Ball 1-2: Ball 2-2: Ball 3-2: Base on Balls
|
|
Batting: RHB Dave F Schmidt
|
0-0: Ball 1-0: DOUBLE (Line Drive, 9LD, EV 102.5 MPH) Mark Benson to third Runner from 3rd tries for Home, SAFE, no throw by RF
|
|
Batting: RHB Jordan Arredondo
|
0-0: Called Strike 0-1: Ball 1-1: Ball 2-1: Ball 3-1: Base on Balls
|
|
Batting: RHB Ronald Hess
|
0-0: Swinging Strike 0-1: Foul Ball, location: 2F 0-2: Strikes out looking
|
|
Batting: LHB Wayne Krenchicki
|
0-0: Swinging Strike 0-1: Swinging Strike 0-2: Fly out, F9 (Flyball, 9, EV 84.4 MPH)
|
| Top of the 2nd over - 1 run, 1 hit, 0 errors, 2 left on base; Iowa 1 - Denver 0 |
| BOTTOM OF THE 2ND |
|
Denver Bears batting - Pitching for Iowa Oaks : RHP Randy Romagna
|
|
Batting: LHB Danny Heep
|
0-0: Ball 1-0: Ball 2-0: Ball 3-0: Called Strike 3-1: SOLO HOME RUN (Flyball, 89XD, EV 101.3 MPH), Distance : 407 ft
|
|
Batting: RHB Juan Alvarez
|
0-0: Swinging Strike 0-1: Ball 1-1: Ball 2-1: Called Strike 2-2: Foul Ball, location: 2F 2-2: Ball 3-2: Strikes out swinging
|
|
Batting: LHB Larry Donofrio
|
0-0: Ball 1-0: Foul Ball, location: 2F 1-1: Fly out, F7 (Flyball, 78S, EV 81.9 MPH)
|
|
Batting: RHB Joe Charboneau
|
0-0: Foul Ball, location: 2F 0-1: Called Strike 0-2: SINGLE (Line Drive, 6MD, EV 98.8 MPH)
|
|
Batting: LHB Jesus Figueroa
|
0-0: SINGLE (Groundball, 4M, EV 80.6 MPH) (infield hit) Joe Charboneau to second
|
|
Batting: RHB Juan Castro
|
0-0: Ball 1-0: Called Strike 1-1: SINGLE (Groundball, 23, EV 66.3 MPH) (infield hit) Joe Charboneau to third Jesus Figueroa to second
|
|
Batting: SHB Mark Gilbert
|
0-0: Ground out U3 (Groundball, 3, EV 93.8 MPH)
|
| Bottom of the 2nd over - 1 run, 4 hits, 0 errors, 3 left on base; Iowa 1 - Denver 1 |
| TOP OF THE 3RD |
|
Iowa Oaks batting - Pitching for Denver Bears : RHP Jorge Rivera
|
|
Batting: SHB Rod Craig
|
0-0: Ball 1-0: Foul Ball, location: 2F 1-1: Foul Ball, location: 2F 1-2: Ball 2-2: Fly out, F7 (Flyball, 7, EV 80.6 MPH)
|
|
Batting: RHB Edgar Flores
|
0-0: Called Strike 0-1: Ground out 4-3 (Groundball, 4, EV 91.3 MPH)
|
|
Batting: LHB Ronald Little
|
0-0: Called Strike 0-1: Ball 1-1: Fly out, F8 (Flyball, 89S, EV 86.9 MPH)
|
| Top of the 3rd over - 0 runs, 0 hits, 0 errors, 0 left on base; Iowa 1 - Denver 1 |
| BOTTOM OF THE 3RD |
|
Denver Bears batting - Pitching for Iowa Oaks : RHP Randy Romagna
|
|
Batting: RHB Adolfo Feliz
|
0-0: Ball 1-0: Fly out, F8 (Flyball, 8RM, EV 95.0 MPH)
|
|
Batting: RHB George A Bell
|
0-0: Ball 1-0: Ball 2-0: Ball 3-0: Called Strike 3-1: Foul Ball, location: 2F 3-2: DOUBLE (Flyball, 89D, EV 91.3 MPH)
|
|
Batting: LHB Danny Heep
|
0-0: Ball 1-0: Foul Ball, location: 2F 1-1: Ground out U3 (Groundball, 34, EV 78.1 MPH) George A Bell to third
|
|
Batting: RHB Juan Alvarez
|
0-0: Ball 1-0: Foul Ball, location: 2F 1-1: Ball 2-1: DOUBLE (Groundball, 5L, EV 104.4 MPH) George A Bell scores
|
|
Batting: LHB Larry Donofrio
|
0-0: Ball 1-0: Swinging Strike 1-1: Foul Ball, location: 2F 1-2: Ball 2-2: Foul Ball, location: 2F 2-2: Foul Ball, location: 2F 2-2: Fly out, F5 (Popup, 5F, EV 68.1 MPH)
|
| Bottom of the 3rd over - 1 run, 2 hits, 0 errors, 1 left on base; Iowa 1 - Denver 2 |
| TOP OF THE 4TH |
|
Iowa Oaks batting - Pitching for Denver Bears : RHP Jorge Rivera
|
|
Batting: SHB Mike Turgeon
|
0-0: Fly out, F4 (Flyball, 34D, EV 82.5 MPH)
|
|
Batting: RHB Mark Benson
|
0-0: Ball 1-0: Swinging Strike 1-1: Foul Ball, location: 2F 1-2: Strikes out swinging
|
|
Batting: RHB Dave F Schmidt
|
0-0: Ball 1-0: Called Strike 1-1: Swinging Strike 1-2: Ball 2-2: Foul Ball, location: 2F 2-2: Ball 3-2: Strikes out swinging
|
| Top of the 4th over - 0 runs, 0 hits, 0 errors, 0 left on base; Iowa 1 - Denver 2 |
| BOTTOM OF THE 4TH |
|
Denver Bears batting - Pitching for Iowa Oaks : RHP Randy Romagna
|
|
Batting: RHB Joe Charboneau
|
0-0: Called Strike 0-1: Ball 1-1: Fly out, F8 (Flyball, 8RM, EV 86.3 MPH)
|
|
Batting: LHB Jesus Figueroa
|
0-0: Ball 1-0: Ball 2-0: Ball 3-0: Base on Balls
|
|
Batting: RHB Juan Castro
|
0-0: Ball 1-0: Swinging Strike 1-1: Foul Ball, location: 2F 1-2: Ball 2-2: Foul Ball, location: 2F 2-2: Ball 3-2: Strikes out looking Jesus Figueroa is caught stealing 2nd base 2-4 Batter strikes out.
|
| Bottom of the 4th over - 0 runs, 0 hits, 0 errors, 0 left on base; Iowa 1 - Denver 2 |
| TOP OF THE 5TH |
|
Iowa Oaks batting - Pitching for Denver Bears : RHP Jorge Rivera
|
|
Batting: RHB Jordan Arredondo
|
0-0: Ball 1-0: Foul Ball, location: 2F 1-1: Ball 2-1: SINGLE (Groundball, 56D, EV 103.8 MPH)
|
|
Batting: RHB Ronald Hess
|
0-0: Called Strike 0-1: Foul Ball, location: 2F 0-2: Hit by Pitch Jordan Arredondo to second
|
|
Batting: LHB Wayne Krenchicki
|
0-0: Ball 1-0: Bunt missed! 1-1: Sac Bunt to 3S - play at first, batter OUT! 3-1 Jordan Arredondo to third Ronald Hess to second
|
|
Batting: SHB Rod Craig
|
0-0: SINGLE (Line Drive, 34D, EV 95.0 MPH) Jordan Arredondo scores Ronald Hess to third Runner from 3rd tries for Home, SAFE, throw by RF to home
|
|
Batting: RHB Edgar Flores
|
0-0: Ball 1-0: Fly out, F7 (Flyball, 7D, EV 86.3 MPH)
|
|
Batting: LHB Ronald Little
|
0-0: Ball 1-0: Foul Ball, location: 2F 1-1: Called Strike 1-2: Fly out, F2 (Popup, 15S, EV 83.8 MPH)
|
| Top of the 5th over - 2 runs, 2 hits, 0 errors, 1 left on base; Iowa 3 - Denver 2 |
| BOTTOM OF THE 5TH |
|
Denver Bears batting - Pitching for Iowa Oaks : RHP Randy Romagna
|
|
Batting: SHB Mark Gilbert
|
0-0: Ball 1-0: Foul Ball, location: 2F 1-1: DOUBLE (Line Drive, 7LM, EV 111.3 MPH)
|
|
Batting: RHB Adolfo Feliz
|
0-0: Ball 1-0: Foul Ball, location: 2F 1-1: Called Strike 1-2: Foul Ball, location: 2F 1-2: Ground out U3 (Groundball, 3, EV 105.0 MPH) Mark Gilbert to third
|
|
Batting: RHB George A Bell
|
0-0: Foul Ball, location: 2F 0-1: Swinging Strike 0-2: Hit by Pitch
|
|
Batting: LHB Danny Heep
|
0-0: Ball 1-0: SINGLE (Groundball, 56, EV 105.6 MPH) Mark Gilbert scores George A Bell to second
|
|
Batting: RHB Juan Alvarez
|
0-0: Called Strike 0-1: Ball 1-1: Called Strike 1-2: Grounds into double play, 6-4-3 (Groundball, 56, EV 87.5 MPH)
|
| Bottom of the 5th over - 1 run, 2 hits, 0 errors, 1 left on base; Iowa 3 - Denver 3 |
| TOP OF THE 6TH |
|
Iowa Oaks batting - Pitching for Denver Bears : RHP Jorge Rivera
|
|
Batting: SHB Mike Turgeon
|
0-0: Ball 1-0: Ball 2-0: SINGLE (Groundball, 4MD, EV 104.4 MPH)
|
|
Batting: RHB Mark Benson
|
0-0: Ball 1-0: Ball 2-0: Ball 3-0: Called Strike 3-1: Foul Ball, location: 2F 3-2: Base on Balls Mike Turgeon to second
|
|
Batting: RHB Dave F Schmidt
|
0-0: Ball 1-0: Ball 2-0: Bunt missed! 2-1: Bunt missed! 2-2: Foul Ball, location: 2F 2-2: Ball 3-2: Fielders Choice at 2nd, 6-4 (Groundball, 56, EV 105.0 MPH) Mike Turgeon to third
|
|
Batting: RHB Jordan Arredondo
|
0-0: Ball 1-0: Called Strike 1-1: Ball Dave F Schmidt steals 2nd base 2-1: Foul Ball, location: 2F 2-2: SINGLE (Groundball, 6, EV 95.6 MPH) Mike Turgeon scores Dave F Schmidt to third Runner from 3rd tries for Home, SAFE, throw by CF to home
|
|
Pitching: RHP Eric Show
|
|
|
Batting: RHB Ronald Hess
|
0-0: Ball 1-0: SINGLE (Groundball, 34D, EV 106.9 MPH) Jordan Arredondo to second Runner from 2nd tries for 3rd, SAFE, no throw by RF
|
|
Batting: LHB Wayne Krenchicki
|
0-0: Foul Ball, location: 2F 0-1: Called Strike 0-2: Strikes out swinging
|
|
Batting: SHB Rod Craig
|
0-0: Ball 1-0: Called Strike 1-1: Foul Ball, location: 2F 1-2: Ball 2-2: Fly out, F9 (Flyball, 89M, EV 88.8 MPH)
|
| Top of the 6th over - 2 runs, 3 hits, 0 errors, 2 left on base; Iowa 5 - Denver 3 |
| BOTTOM OF THE 6TH |
|
Denver Bears batting - Pitching for Iowa Oaks : RHP Randy Romagna
|
|
Batting: LHB Larry Donofrio
|
0-0: Swinging Strike 0-1: Ball 1-1: Swinging Strike 1-2: Foul Ball, location: 2F 1-2: Foul Ball, location: 2F 1-2: Ball 2-2: Fly out, F8 (Flyball, 8RD, EV 91.9 MPH)
|
|
Batting: RHB Joe Charboneau
|
0-0: Called Strike 0-1: Foul Ball, location: 2F 0-2: Ball 1-2: Ball 2-2: Fly out, F7 (Flyball, 7LS, EV 83.1 MPH)
|
|
Batting: LHB Jesus Figueroa
|
0-0: Ball 1-0: Foul Ball, location: 2F 1-1: Ground out 1-3 (Groundball, 15S, EV 68.1 MPH)
|
| Bottom of the 6th over - 0 runs, 0 hits, 0 errors, 0 left on base; Iowa 5 - Denver 3 |
| TOP OF THE 7TH |
|
Iowa Oaks batting - Pitching for Denver Bears : RHP Eric Show
|
|
Batting: RHB Edgar Flores
|
0-0: Fly out, F7 (Flyball, 7D, EV 99.4 MPH)
|
|
Batting: LHB Ronald Little
|
0-0: DOUBLE (Line Drive, 89D, EV 114.4 MPH)
|
|
Batting: SHB Mike Turgeon
|
0-0: Swinging Strike 0-1: Foul Ball, location: 2F 0-2: Strikes out swinging
|
|
Batting: RHB Mark Benson
|
0-0: Ground out 6-3 (Groundball, 6M, EV 86.9 MPH)
|
| Top of the 7th over - 0 runs, 1 hit, 0 errors, 1 left on base; Iowa 5 - Denver 3 |
| BOTTOM OF THE 7TH |
|
Denver Bears batting - Pitching for Iowa Oaks : RHP Randy Romagna
|
|
Batting: RHB Juan Castro
|
0-0: Called Strike 0-1: Foul Ball, location: 2F 0-2: Foul Ball, location: 2F 0-2: Ball 1-2: Strikes out looking
|
|
Batting: SHB Mark Gilbert
|
0-0: Ball 1-0: Called Strike 1-1: Ball 2-1: SINGLE (Line Drive, 34D, EV 95.6 MPH)
|
|
Batting: RHB Adolfo Feliz
|
0-0: Ball 1-0: Fly out, F8 (Line Drive, 8LM, EV 93.8 MPH)
|
|
Batting: RHB George A Bell
|
0-0: Ball 1-0: Fielders Choice at 2nd, 6-4 (Groundball, 6, EV 92.5 MPH)
|
| Bottom of the 7th over - 0 runs, 1 hit, 0 errors, 1 left on base; Iowa 5 - Denver 3 |
| TOP OF THE 8TH |
|
Iowa Oaks batting - Pitching for Denver Bears : RHP Eric Show
|
|
Batting: RHB Dave F Schmidt
|
0-0: Ball 1-0: Foul Ball, location: 2F 1-1: Ball 2-1: Foul Ball, location: 2F 2-2: Fly out, F9 (Flyball, 89M, EV 89.4 MPH)
|
|
Batting: RHB Jordan Arredondo
|
0-0: Called Strike 0-1: Called Strike 0-2: Ball 1-2: Fly out, F4 (Popup, 13S, EV 83.1 MPH)
|
|
Batting: RHB Ronald Hess
|
0-0: Called Strike 0-1: Ball 1-1: Ball 2-1: SINGLE (Flyball, 5D, EV 84.4 MPH)
|
|
Batting: LHB Wayne Krenchicki
|
0-0: Called Strike 0-1: Ball 1-1: Fly out, F8 (Flyball, 8RM, EV 85.0 MPH)
|
| Top of the 8th over - 0 runs, 1 hit, 0 errors, 1 left on base; Iowa 5 - Denver 3 |
| BOTTOM OF THE 8TH |
|
Denver Bears batting - Pitching for Iowa Oaks : RHP Randy Romagna
|
|
Batting: LHB Danny Heep
|
0-0: Called Strike 0-1: Called Strike 0-2: Strikes out swinging
|
|
Batting: RHB Juan Alvarez
|
0-0: Ball 1-0: Called Strike 1-1: SINGLE (Groundball, 6MD, EV 100.0 MPH)
|
|
Batting: LHB Larry Donofrio
|
0-0: Foul Ball, location: 2F 0-1: Swinging Strike 0-2: Ball 1-2: Ball 2-2: Foul Ball, location: 2F 2-2: Foul Ball, location: 2F 2-2: 2-RUN HOME RUN (Flyball, 7D, EV 103.8 MPH), Distance : 375 ft
|
|
Pitching: RHP Sergio Peralta
|
|
|
Batting: RHB Joe Charboneau
|
0-0: SINGLE (Groundball, 6MS, EV 83.8 MPH) (infield hit)
|
|
Batting: LHB Jesus Figueroa
|
0-0: Foul Ball, location: 2F 0-1: Called Strike 0-2: Ball 1-2: Fielders Choice at 2nd, 4-6 (Groundball, 34, EV 79.4 MPH)
|
|
Batting: RHB Juan Castro
|
0-0: Fielders Choice at 2nd, 5-4 (Groundball, 5, EV 76.3 MPH)
|
| Bottom of the 8th over - 2 runs, 3 hits, 0 errors, 1 left on base; Iowa 5 - Denver 5 |
| TOP OF THE 9TH |
|
Iowa Oaks batting - Pitching for Denver Bears : RHP Eric Show
|
|
Pitching: LHP Jake Zorbas
|
|
|
Batting: SHB Rod Craig
|
0-0: Ball 1-0: SINGLE (Line Drive, 56D, EV 93.8 MPH)
|
|
Batting: RHB Edgar Flores
|
0-0: Ball 1-0: Bunt missed! 1-1: Ball 2-1: Bunt missed! 2-2: Strikes out swinging
|
|
Batting: LHB Ronald Little
|
0-0: Ball Rod Craig is caught stealing 2nd base 2-6 1-0: Ball 2-0: Called Strike 2-1: SINGLE (Line Drive, 8LS, EV 91.9 MPH)
|
|
Batting: SHB Mike Turgeon
|
0-0: Fielders Choice at 2nd, 6-4 (Groundball, 6, EV 81.9 MPH)
|
| Top of the 9th over - 0 runs, 2 hits, 0 errors, 1 left on base; Iowa 5 - Denver 5 |
| BOTTOM OF THE 9TH |
|
Denver Bears batting - Pitching for Iowa Oaks : RHP Sergio Peralta
|
|
Batting: SHB Mark Gilbert
|
0-0: Ball 1-0: Called Strike 1-1: Foul Ball, location: 2F 1-2: Ground out 4-3 (Groundball, 4, EV 80.0 MPH)
|
|
Batting: RHB Adolfo Feliz
|
0-0: Ball 1-0: Called Strike 1-1: Ball 2-1: Reached on error, E6 (Groundball, 6, EV 87.5 MPH)
|
|
Batting: RHB George A Bell
|
0-0: Ball Adolfo Feliz steals 2nd base 1-0: Ball 2-0: Ball 3-0: Called Strike 3-1: Called Strike 3-2: Fly out, F7 (Flyball, 7S, EV 90.6 MPH)
|
|
Batting: LHB Danny Heep
|
0-0: Intentional Walk
|
|
Batting: RHB Juan Alvarez
|
0-0: Foul Ball, location: 2F 0-1: Ball 1-1: Swinging Strike 1-2: Strikes out swinging
|
| Bottom of the 9th over - 0 runs, 0 hits, 1 error, 2 left on base; Iowa 5 - Denver 5 |
| TOP OF THE 10TH |
|
Iowa Oaks batting - Pitching for Denver Bears : LHP Jake Zorbas
|
|
Batting: RHB Mark Benson
|
0-0: Foul Ball, location: 2F 0-1: Called Strike 0-2: Foul Ball, location: 2F 0-2: Strikes out swinging
|
|
Batting: RHB Dave F Schmidt
|
0-0: Reached on error, E9 (Flyball, 9, EV 91.3 MPH)
|
|
Batting: RHB Jordan Arredondo
|
0-0: Ball 1-0: Called Strike 1-1: SINGLE (Groundball, 56D, EV 98.1 MPH) Dave F Schmidt to second
|
|
Batting: RHB Ronald Hess
|
0-0: SINGLE (Groundball, 34S, EV 94.4 MPH) (infield hit) Dave F Schmidt to third Jordan Arredondo to second
|
|
Pinch Hitting: RHB Mike Richardt
|
0-0: Ball 1-0: Grounds into fielders choice 4-2 (Groundball, 4, EV 76.9 MPH) Jordan Arredondo to third Ronald Hess to second
|
|
Batting: SHB Rod Craig
|
0-0: Ball 1-0: Fielders Choice at 2nd, 6-4 (Groundball, 6, EV 85.6 MPH)
|
| Top of the 10th over - 0 runs, 2 hits, 1 error, 3 left on base; Iowa 5 - Denver 5 |
| BOTTOM OF THE 10TH |
|
Denver Bears batting - Pitching for Iowa Oaks : RHP Sergio Peralta
|
|
Pitching: RHP DeWayne Buice
|
|
|
Now at 2B: Mike Richardt
|
|
|
Batting: LHB Larry Donofrio
|
0-0: Ball 1-0: Foul Ball, location: 2F 1-1: Foul Ball, location: 2F 1-2: Strikes out swinging
|
|
Batting: RHB Joe Charboneau
|
0-0: Called Strike 0-1: Ball 1-1: Ball 2-1: Ground out 5-3 (Groundball, 56, EV 86.9 MPH)
|
|
Pinch Hitting: LHB Tom Beyers
|
0-0: Ball 1-0: Called Strike 1-1: Ball 2-1: Swinging Strike 2-2: Ball 3-2: Strikes out swinging
|
| Bottom of the 10th over - 0 runs, 0 hits, 0 errors, 0 left on base; Iowa 5 - Denver 5 |
| TOP OF THE 11TH |
|
Iowa Oaks batting - Pitching for Denver Bears : LHP Jake Zorbas
|
|
Pitching: RHP Bob Cabrera
|
|
|
Now in CF: Tom Beyers
|
|
|
Batting: RHB Edgar Flores
|
0-0: DOUBLE (Flyball, 89D, EV 99.4 MPH)
|
|
Batting: LHB Ronald Little
|
0-0: Intentional Walk
|
|
Batting: SHB Mike Turgeon
|
0-0: Ball 1-0: Called Strike 1-1: Called Strike 1-2: Foul Ball, location: 2F 1-2: Strikes out swinging
|
|
Batting: RHB Mark Benson
|
0-0: Swinging Strike 0-1: Called Strike 0-2: Fielders Choice at 2nd, 6-4 (Groundball, 56, EV 91.9 MPH) Edgar Flores to third
|
|
Batting: RHB Dave F Schmidt
|
0-0: Called Strike 0-1: Swinging Strike 0-2: Strikes out swinging
|
| Top of the 11th over - 0 runs, 1 hit, 0 errors, 2 left on base; Iowa 5 - Denver 5 |
| BOTTOM OF THE 11TH |
|
Denver Bears batting - Pitching for Iowa Oaks : RHP DeWayne Buice
|
|
Pinch Hitting: SHB Mitch Webster
|
0-0: Reached on error, E6 (Groundball, 6, EV 80.0 MPH)
|
|
Batting: SHB Mark Gilbert
|
0-0: Intentional Walk
|
|
Batting: RHB Adolfo Feliz
|
0-0: Sac Bunt to 25 - play at first, batter OUT! 5-3 Mitch Webster to third Mark Gilbert to second
|
|
Batting: RHB George A Bell
|
0-0: Ball 1-0: Called Strike 1-1: Ball 2-1: Fly out, F8 (Flyball, 8RS, EV 90.0 MPH) Runner from 3rd tags up, SCORES, throw by CF
|
| Bottom of the 11th over - 1 run, 0 hits, 1 error, 0 left on base; Iowa 5 - Denver 6 |
|